Map: Thunderbird LE

Players

Bunny - Winner!

  • Race: Terran Terran
  • Spawn Location: 11:00

Lambo

  • Race: Zerg Zerg
  • League: Grandmaster
  • Spawn Location: 5:00

Event: HomeStory Cup XX

VOD

Have the link to the VOD?

Description

Time

  • Played on: Nov. 22, 2019, 5:31 a.m.
  • Length: 15:14

All games in this series

Show
View Real Time Build Order
Export as new Build Order

Bunny Terran - Winner!

Build Orders: Reaper Expand, Mech 

Get SALT Encoding   

  12  0:00  SCV  
  13  0:12  SCV  
  14  0:17  Supply Depot  
  14  0:24  SCV  
  15  0:39  SCV  
  15  0:40  Barracks  
  16  0:43  Refinery  
  16  0:51  SCV  
  17  1:03  SCV  
  18  1:15  SCV  
  19  1:28  Orbital Command, Reaper  
  20  1:40  Command Center  
  20  1:53  Supply Depot, SCV  
  21  1:59  Marine  
  22  2:05  SCV  
  23  2:09  Factory  
  23  2:18  SCV  
  23  2:22  Barracks Reactor  
  24  2:30  SCV  
  25  2:42  SCV  
  26  2:47  Command Center  
  26  2:48  Refinery  
  26  2:53  Orbital Command  
  26  2:55  SCV  
  27  3:06  Starport  
  27  3:11  Hellion  
  29  3:15  Hellion  
  29  3:18  SCV  
  32  3:21  SCV  
  33  3:30  SCV  
  33  3:32  Hellion  
  33  3:33  SCV  
  37  3:36  Marine, Hellion  
  40  3:42  SCV  
  40  3:45  SCV  
  42  3:50  Fusion Core  
  42  3:54  Starport Tech Lab, Supply Depot  
  42  3:56  SCV  
  42  3:57  SCV  
  42  4:01  Orbital Command  
  44  4:07  Hellion  
  44  4:09  Hellion  
  48  4:13  SCV x2  
  48  4:16  Refinery  
  50  4:25  SCV x2  
  50  4:31  SCV  
  53  4:37  Supply Depot, SCV x2  
  55  4:38  Battlecruiser  
  55  4:42  Hellion  
  55  4:44  Hellion  
  65  4:46  Orbital Command  
  65  4:49  SCV x2  
  65  4:52  Refinery  
  67  5:00  Supply Depot  
  67  5:01  SCV x2  
  70  5:14  SCV x2  
  70  5:20  Hellion x2  
  75  5:22  Barracks Tech Lab  
  75  5:23  Factory, SCV  
  75  5:24  Factory  
  75  5:26  Supply Depot, SCV x2  
  78  5:32  Armory  
  78  5:34  Armory  
  78  5:35  SCV  
  79  5:38  SCV x2  
  81  5:47  SCV  
  81  5:48  Supply Depot  
  81  5:49  Refinery  
  82  5:50  Refinery, SCV x2  
  82  5:53  Battlecruiser  
  90  6:01  SCV  
  90  6:02  SCV x2  
  93  6:10  Engineering Bay  
  93  6:13  SCV  
  93  6:14  SCV x2  
  96  6:21  Siege Tank  
  96  6:23  Factory Tech Lab, Command Center  
  98  6:26  SCV x2  
  98  6:27  SCV  
  101  6:33  Supply Depot, Terran Vehicle Weapons Level 1  
  101  6:34  Terran Vehicle And Ship Armor Level 1  
  101  6:43  Supply Depot  
  101  6:44  Supply Depot  
  101  6:47  Supply Depot  
  101  6:52  Supply Depot  
  101  6:55  Siege Tank x2, SCV x2  
  101  6:58  Supply Depot  
  109  7:05  Supply Depot, SCV, Battlecruiser  
  109  7:07  SCV x2  
  118  7:08  Weapon Refit  
  118  7:12  Supply Depot  
  118  7:17  Supply Depot, SCV  
  118  7:19  SCV x2  
  118  7:21  Infernal Pre-Igniter  
  121  7:32  Factory x2, Supply Depot, Missile Turret  
  121  7:34  Missile Turret  
  121  7:36  Missile Turret  
  121  7:37  SCV x3  
  117  7:42  Siege Tank  
  121  7:45  Siege Tank  
  121  7:50  SCV  
  121  7:51  SCV x2  
  125  7:58  Refinery  
  125  8:00  Planetary Fortress, Missile Turret  
  125  8:03  Refinery, SCV x3  
  128  8:15  SCV x3  
  128  8:17  Supply Depot, Factory Reactor  
  131  8:21  Command Center, Siege Tank  
  131  8:22  Hellion, Supply Depot  
  131  8:23  Hellion  
  141  8:30  Sensor Tower  
  141  8:33  Siege Tank  
  144  8:38  Starport Reactor, Terran Vehicle Weapons Level 2  
  144  8:40  Terran Vehicle And Ship Armor Level 2  
  141  8:41  SCV  
  141  8:42  SCV x3  
  148  8:48  Siege Tank  
  148  8:50  Hellion x2  
  148  8:53  Thor  
  158  9:03  Hellion  
  158  9:04  Hellbat  
  162  9:11  Hellion, Hellbat, Siege Tank  
  162  9:14  Supply Depot  
  163  9:20  Siege Tank  
  135  9:25  Hellion, Hellbat  
  133  9:32  Hellbat  
  133  9:33  Hellbat  
  133  9:36  Siege Tank  
  135  9:42  Command Center  
  135  9:43  Siege Tank  
  136  9:46  Hellbat x2  
  136  9:52  Siege Tank  
  141  9:54  Hellbat  
  137  10:08  Siege Tank  
  137  10:10  Hellion  
  137  10:11  Hellion, Hellbat  
  120  10:15  Hellbat, Siege Tank  
  120  10:16  SCV x2  
  120  10:18  SCV  
  125  10:24  Siege Tank  
  128  10:28  SCV x2  
  128  10:30  SCV  
  128  10:32  Hellbat, Liberator x2  
  128  10:34  Hellion x5  
  133  10:36  Hellbat x2  
  133  10:37  Hellbat  
  133  10:40  Siege Tank, SCV  
  133  10:41  SCV  
  133  10:42  SCV  
  145  10:46  Barracks  
  151  10:52  Siege Tank  
  151  10:53  Hellbat  
  156  11:08  Siege Tank  
  156  11:09  Hellbat x3  
  165  11:12  Siege Tank  
  165  11:15  Hellbat  
  168  11:39  Hellbat x2, Hellion x10  
  164  11:40  Refinery  
  164  11:44  Hellbat x2  
  164  11:45  Refinery  
  167  11:47  SCV x3  
  167  11:48  Planetary Fortress  
  167  11:53  Thor x2  
  167  11:54  Thor  
  172  11:59  SCV x3  
  181  12:10  Terran Vehicle Weapons Level 3  
  181  12:12  SCV x3  
  184  12:26  SCV x3  
  184  12:27  SCV  
  171  12:32  Command Center  
  171  12:34  Hellbat x2  
  171  12:35  Hellbat x2  
  171  12:36  Siege Tank x2  
  185  12:37  Siege Tank  
  188  12:45  Orbital Command  
  188  12:46  Sensor Tower  
  188  12:48  Sensor Tower  
  188  13:08  Thor x2  
  198  13:20  Factory  
  198  13:21  Factory  
  198  13:24  Factory  
  198  13:26  Thor  
  192  13:43  Viking x2  
  192  13:45  Starport  
  192  13:46  Starport  
  191  13:51  Thor  
  188  14:02  Thor  
  188  14:06  Hellbat x3  
  188  14:07  Hellbat  
  173  14:10  Hellbat  
  162  14:17  Factory Reactor  
  162  14:19  Planetary Fortress  
  162  14:22  Factory Tech Lab  
  162  14:27  Hellbat x3  
  162  14:28  Hellbat  
  123  14:31  Viking x2, Siege Tank  
  167  14:34  Siege Tank  
  172  14:39  Refinery, Viking  
  172  14:40  Refinery  
  172  14:41  Hellbat, Starport Reactor  
  176  14:46  Hellbat  
  176  14:49  Hellbat  
Show
View Real Time Build Order
Export as new Build Order

Lambo Zerg 

Build Orders: Hatch First, Swarm Host 

Get SALT Encoding   

  12  0:01  Drone  
  13  0:13  Overlord  
  13  0:18  Drone  
  14  0:32  Drone x2  
  16  0:47  Hatchery  
  15  0:51  Drone  
  15  0:54  Drone  
  17  0:58  Drone  
  18  1:08  Extractor  
  17  1:13  Spawning Pool  
  17  1:16  Drone  
  17  1:19  Drone  
  18  1:29  Drone  
  19  1:39  Drone  
  20  1:50  Overlord  
  20  1:59  Queen x2  
  20  2:00  Zergling x2  
  26  2:01  Zergling x2  
  26  2:12  Drone x2  
  26  2:14  Metabolic Boost  
  28  2:21  Drone  
  30  2:22  Drone  
  30  2:35  Queen, Overlord  
  30  2:36  Drone  
  32  2:46  Drone  
  32  2:51  Drone, Pneumatized Carapace  
  34  2:54  Drone x2  
  36  3:04  Drone  
  37  3:09  Hatchery  
  37  3:11  Drone x2  
  38  3:15  Overlord  
  38  3:17  Drone  
  39  3:23  Drone  
  39  3:25  Overlord  
  40  3:29  Drone  
  40  3:30  Queen  
  43  3:36  Drone x2  
  43  3:39  Queen  
  47  3:44  Drone  
  47  3:45  Drone x2  
  47  3:48  Drone x2  
  52  3:53  Drone, Overlord  
  53  3:57  Drone x2  
  53  4:00  Extractor  
  53  4:01  Evolution Chamber  
  53  4:05  Overlord  
  53  4:08  Queen  
  55  4:13  Evolution Chamber  
  55  4:16  Drone x3  
  57  4:20  Overlord  
  57  4:22  Drone x2  
  59  4:26  Zergling x4  
  61  4:36  Queen, Drone x2, Overlord  
  65  4:39  Drone  
  65  4:40  Drone  
  65  4:43  Zerg Ground Armor Level 1  
  67  4:50  Roach Warren  
  67  4:51  Zerg Missile Weapons Level 1  
  67  4:52  Drone  
  67  4:55  Drone x2  
  67  4:56  Drone  
  70  5:00  Drone  
  70  5:05  Drone x2  
  70  5:06  Drone  
  74  5:07  Overlord  
  74  5:08  Drone x2  
  74  5:10  Spore Crawler  
  74  5:12  Spore Crawler x2  
  73  5:15  Drone x2  
  73  5:17  Overlord  
  75  5:23  Lair  
  75  5:24  Drone x3  
  75  5:27  Zergling x6  
  81  5:33  Queen  
  81  5:34  Roach  
  85  5:37  Roach x2  
  85  5:39  Extractor, Spore Crawler  
  85  5:40  Extractor  
  86  5:43  Extractor, Roach x2  
  94  5:50  Drone x7  
  94  5:52  Drone x2  
  94  5:54  Drone  
  94  5:56  Roach  
  100  5:59  Drone x3  
  100  6:00  Drone  
  100  6:04  Overlord  
  104  6:08  Drone x2  
  104  6:12  Drone  
  104  6:16  Extractor  
  104  6:17  Drone  
  105  6:21  Drone  
  105  6:23  Hatchery  
  105  6:24  Roach x2  
  107  6:28  Drone  
  108  6:34  Glial Reconstitution  
  108  6:35  Infestation Pit, Queen  
  108  6:36  Queen  
  108  6:39  Spore Crawler  
  110  6:40  Zerg Ground Armor Level 2  
  110  6:42  Roach  
  110  6:43  Overlord  
  110  6:45  Overlord x2  
  112  6:51  Overlord  
  112  6:53  Spore Crawler, Queen, Overlord  
  113  6:54  Extractor  
  113  6:56  Overlord  
  113  6:59  Drone  
  113  7:00  Overlord  
  113  7:01  Extractor, Overlord  
  113  7:03  Overlord  
  113  7:06  Overlord  
  112  7:08  Drone  
  112  7:09  Drone x2  
  112  7:11  Roach  
  119  7:15  Roach  
  119  7:16  Zerg Missile Weapons Level 2, Roach  
  119  7:20  Queen  
  119  7:22  Drone x2  
  125  7:35  Roach x3  
  125  7:36  Queen, Roach x2  
  137  7:37  Queen  
  137  7:42  Overlord  
  139  7:44  Overlord  
  138  7:53  Queen  
  138  7:55  Swarm Host x5  
  155  8:00  Swarm Host x3  
  164  8:07  Swarm Host x2, Drone  
  164  8:08  Spore Crawler  
  164  8:12  Swarm Host x2  
  170  8:15  Ravager x2  
  170  8:16  Swarm Host  
  181  8:23  Swarm Host x3  
  190  8:30  Swarm Host  
  193  8:39  Ravager x3  
  198  8:41  Roach  
  198  8:56  Queen  
  198  8:58  Queen  
  198  9:10  Roach x4  
  191  9:18  Roach x5  
  191  9:21  Queen  
  190  9:26  Roach  
  190  9:27  Roach x4  
  194  9:32  Queen, Roach  
  194  9:33  Queen  
  194  9:43  Spire  
  191  9:48  Roach x4  
  199  9:57  Queen  
  195  10:02  Pathogen Glands  
  193  10:08  Queen  
  193  10:10  Queen  
  187  10:18  Hatchery  
  186  10:29  Hatchery  
  186  10:32  Hatchery, Queen  
  187  10:37  Infestor x4  
  187  10:42  Drone  
  196  10:52  Zerg Melee Weapons Level 1  
  196  10:57  Zerg Flyer Weapons Level 1  
  196  10:58  Neural Parasite  
  193  11:08  Hive  
  193  11:11  Overlord  
  193  11:17  Spore Crawler  
  192  11:19  Spore Crawler  
  187  11:32  Drone x2  
  187  11:33  Drone  
  187  11:45  Corruptor x6  
  199  11:50  Overlord  
  190  12:18  Corruptor  
  190  12:19  Corruptor x6  
  190  12:21  Overlord  
  190  12:30  Drone x6  
  190  12:36  Swarm Host  
  199  12:40  Burrow  
  191  12:58  Ravager x3  
  190  13:03  Ravager  
  190  13:04  Roach x4  
  199  13:24  Corruptor x3  
  199  13:31  Ravager x3  
  199  13:32  Ravager  
  199  13:40  Ravager  
  198  13:53  Roach  
  200  14:00  Roach x3  
  190  14:05  Roach x9  
  190  14:08  Roach  
  190  14:09  Roach x4  
  200  14:16  Roach  
  200  14:17  Roach x6  
  188  14:19  Ravager  
  186  14:26  Roach x2  
  186  14:27  Ravager x6  
  186  14:31  Ravager x2  
  184  14:33  Roach  
  184  14:34  Roach x3  
  184  14:35  Ravager x2  
  188  14:39  Roach x3  
  188  14:40  Roach x7  
  188  14:42  Roach  
  190  14:54  Roach  
  190  14:55  Roach x2  
  190  14:57  Ravager x2  
  190  14:58  Ravager x7  
  162  15:07  Ravager x2  
Tags
 
Add a new tag
Caveats
  • Supply blocks, unpowered buildings, or Contaminate may cause inaccurate times.
  • Supply counts are checked every 10 seconds.